 Dungeon Crawl Stone Soup version 0.32-a0-699-g1ee5eff69a (console) character file.

Game seed: 16255430707321446983

5147 zenocrate the Sneak (level 10, -7/69 HPs)
             Began as an Octopode Earth Elementalist on Mar 13, 2024.
             Was an Initiate of Gozag.
             Mangled by a wight
             ... wielding a +0 battleaxe
              (11 damage)
             ... while paralysed by a hornet
             ... on level 8 of the Dungeon.
             The game lasted 00:15:18 (9227 turns).

zenocrate the Sneak (Octopode Earth Elementalist)   Turns: 9227, Time: 00:15:18

Health: -7/69      AC:  1    Str:  9    XL:     10   Next: 59%
Magic:  2/17       EV:  2    Int: 21    God:    Gozag
Gold:   1184       SH:  0    Dex: 12    Spells: 4/18 levels left

rFire   + +          .
                       - Unarmed
rCold   . . .        (no shield)
rNeg    + . .        (helmet restricted)
rPois   +            (no amulet)
rElec   .            k - ring of poison resistance
rCorr   .            z - ring "Nuas" {^Drain rF++ rN+}
SInv    .            (no ring)
Will    .....        (no ring)
Stlth   ++++         (no ring)
HPRegen 0.31/turn    (no ring)
MPRegen 0.15/turn    (no ring)
                     (no ring)

%: no passive effects
@: paralysed, lethally poisoned (-7 -> -14), gold aura, very slightly
contaminated
A: almost no armour, amphibious, 8 rings, camouflage 1, gelatinous body 1,
(nimble swimmer 1), tentacles, mutation resistance 1
a: Renounce Religion, Potion Petition, Call Merchant, Bribe Branch


You were on level 8 of the Dungeon.
You worshipped Gozag.
Gozag was most pleased with you.
You visited 2 branches of the dungeon, and saw 9 of its levels.
You also visited: Bailey.

You collected 1242 gold pieces.
You paid 58 gold pieces to Gozag.

Inventory:

Armour
 o - a +1 kite shield
Magical Staves
 b - a staff of conjuration
Jewellery
 k - a ring of poison resistance (left tentacle)
 z - the ring "Nuas" (right tentacle) {^Drain rF++ rN+}
   (You acquired it on level 7 of the Dungeon)

   [ring of positive energy]

   rF++:      It greatly protects you from fire.
   rN+:       It protects you from negative energy.
   ^Drain:    It drains your maximum health when unequipped.
Wands
 f - a wand of paralysis (9)
 t - a wand of light (9)
 w - a wand of flame (6)
 y - a wand of roots (3)
Scrolls
 c - 2 scrolls of amnesia
 d - 11 scrolls of enchant weapon
 h - 4 scrolls of teleportation
 i - 2 scrolls of poison
 j - a scroll of acquirement
 m - a scroll of immolation
 s - a scroll of fog {unknown}
 x - a scroll of vulnerability {unknown}
 A - a scroll of enchant armour
 B - a scroll of butterflies {unknown}
 E - a scroll of revelation
 F - a scroll of torment {unknown}
Potions
 a - 4 potions of magic
 e - a potion of ambrosia
 g - 3 potions of curing
 l - a potion of haste
 n - a potion of lignification
 p - 2 potions of invisibility
 q - 4 potions of mutation
 r - 2 potions of resistance
 u - 4 potions of heal wounds
 C - 2 potions of degeneration {unknown}
 D - a potion of brilliance {unknown}
Miscellaneous
 v - a phial of floods
 G - a phantom mirror


   Skills:
 * Level 6.7 Fighting
 + Level 5.2 Dodging
 + Level 7.5 Stealth
 + Level 4.3 Shields
 + Level 4.7 Unarmed Combat
 + Level 4.9 Spellcasting
 + Level 4.9 Conjurations
 + Level 5.8 Earth Magic
 + Level 4.8 Evocations


You had 4 spell levels left.
You knew the following spells:

 Your Spells              Type           Power      Damage    Failure   Level
a - Stone Arrow           Conj/Erth      54%        3d10      3%          3
b - Sandblast             Erth           58%        2d13      1%          1
c - Brom's Barrelling Bo  Conj/Erth      27%        2d5       12%         4
d - Dispel Undead         Necr           5%         3d7       73%         4
x - Blink                 Tloc           10%        N/A       17%         2

Your spell library contained the following spells:

 Spells                   Type           Power      Damage    Failure   Level
 Passwall                 Erth           29%        N/A       3%          3
 Kiss of Death            Conj/Necr      60%        2d10      4%          1
 Momentum Strike          Conj/Tloc      30%        3d8       6%          2
 Slow                     Hex            20%        N/A       11%         1
 Lesser Beckoning         Tloc           10%        N/A       17%         2
 Confusing Touch          Hex            5%         N/A       32%         3
 Vampiric Draining        Necr           5%         2d6       32%         3
 Petrify                  Alch/Erth      17%        N/A       32%         4
 Summon Forest            Summ/Tloc      2%         N/A       97%         5
 Summon Mana Viper        Hex/Summ       5%         N/A       97%         5
 Summon Cactus Giant      Summ           2%         N/A       100%        6
 Lehudib's Crystal Spear  Conj/Erth      13%        10d5      100%        8
 Animate Armour           Summ/Erth      Unusable   N/A       N/A         4

Dungeon Overview and Level Annotations

Branches:
Dungeon (8/15)             Temple (1/1) D:4          Bailey (visited)
   Lair: D:8-11

Altars:
Dithmenos
Elyvilon
Gozag
Hepliaklqana
Kikubaaqudgha
Nemelex Xobeh
Okawaru
Qazlal
Ru
Sif Muna
Trog
Uskayaw
Wu Jian
Xom
Yredelemnul

Annotations:
D:3 1 runed translucent door, TombstoneGhost's ghost, amateur KoBr


Innate Abilities, Weirdness & Mutations

You cannot wear most types of armour.
You are amphibious.
You can wear up to eight rings at the same time.
Your skin changes colour to match your surroundings (Stealth+).
Your rubbery body absorbs attacks. (AC +1, EV +1)
((You are camouflaged when in or above water. (Stealth+)))
You have tentacles for arms and can constrict up to eight enemies at once.
You are somewhat resistant to further mutation.


Message History

Confirm with . or Enter, or press ? or * to list all spells.
Aiming: Stone Arrow (dangerous; 3% risk of failure)
Press: ? - help, Shift-Dir - straight line, f/p - wight
Aim: a wight, wielding a +3 scimitar and wearing a +0 robe (71% to hit)
The stone arrow hits the wight!
The wight is almost destroyed.
The hornet buzzes angrily.
Casting: Stone Arrow (dangerous; 3% risk of failure)
Confirm with . or Enter, or press ? or * to list all spells.
Aiming: Stone Arrow (dangerous; 3% risk of failure)
Press: ? - help, Shift-Dir - straight line, f/p - wight
Aim: a wight, wielding a +3 scimitar and wearing a +0 robe (almost destroyed, 71% to hit)
The stone arrow hits the wight!
You destroy the wight!
The wight hits you with a +0 falchion.
Unknown command.
A wight comes into view. It is wielding a +0 battleaxe.
The wight barely misses you.
Unknown command.
Unknown command.
You tentacle-slap the wight but do no damage.
You grab the wight. You constrict the wight.
The wight hits you with a +0 falchion!
Unknown command.
You closely miss the hornet. Your grab misses the hornet.
You constrict the wight. The hornet stings you! The wight misses you.
The hornet closely misses you.
Unknown command.
You tentacle-slap the hornet but do no damage.
Your grab misses the hornet.
You constrict the wight, but do no damage.
The hornet stings you.
You are poisoned.
You suddenly lose the ability to move!
You lose your grip on the wight.
The wight hits you with a +0 falchion!
You feel very sick. The hornet stings you!
* * * LOW HITPOINT WARNING * * *
The wight hits you with a +0 falchion.
* * * LOW HITPOINT WARNING * * *
The wight hits you with a +0 battleaxe!
You die...
Your body crumbles into a pile of gold.

########..#
#......#..#
#...#.##.?#
#...$[.#..#
#.#<$..#..####
.#...$.....>...
#..........#.##
#########..#
#$z# #.@# #yz#
#.... .......
##.#.....#
#.......#
###.....#
.....#


You could see a hornet and 2 wights.

Vanquished Creatures
  2 two-headed ogres (D:7)
  Maurice (D:7)
  Menkaure (D:5)
  2 water moccasins
  Duvessa (D:4)
  A black bear (D:7)
  6 orc warriors (Bailey)
  A sky beast (D:6)
  3 ogres
  2 boggarts (D:7)
  A centaur (D:6)
  4 phantoms
  A kobold brigand (D:7)
  A bullfrog (D:6)
  4 scorpions
  4 wights
  Dowan (D:4)
  3 killer bees (D:7)
  3 howler monkeys
  3 hounds
  2 jellies
  2 bombardier beetles (D:5)
  A gnoll bouda (D:6)
  An orc priest (D:5)
  A sleepcap (D:6)
  3 orc wizards
  Natasha (twice) (D:3)
  4 iguanas
  10 gnolls
  6 adders
  A white imp (D:7)
  2 ufetubi (D:7)
  A dart slug (D:2)
  3 ribbon worms
  28 orcs
  10 endoplasms
  5 giant cockroaches
  11 goblins
  3 hobgoblins
  7 jackals
  7 ball pythons
  3 bats
  2 frilled lizards
  12 kobolds
  8 rats
180 creatures vanquished.

Notes
Turn   | Place    | Note
-------+----------+-------------------------------------------
     0 | D:1      | zenocrate the Octopode Earth Elementalist began the quest
                  | for the Orb.
     0 | D:1      | Reached XP level 1. HP: 11/11 MP: 3/3
   471 | D:1      | Reached XP level 2. HP: 13/18 MP: 5/5
   726 | D:1      | Reached skill level 3 in Stealth
   907 | D:2      | Identified the +0 pair of boots of Poor Excuses {Dex+3}
  1008 | D:2      | Reached skill level 1 in Fighting
  1008 | D:2      | Reached XP level 3. HP: 16/23 MP: 1/6
  1267 | D:2      | Learned a level 3 spell: Stone Arrow
  1848 | D:3      | Noticed a phantom
  1854 | D:3      | Found a faded altar of an unknown god.
  1859 | D:3      | Killed a phantom
  1860 | D:3      | Reached skill level 1 in Unarmed Combat
  1860 | D:3      | Reached XP level 4. HP: 16/29 MP: 0/7
  1860 | D:3      | Reached XP level 5. HP: 18/34 MP: 0/8
  2155 | D:3      | Found a runed translucent door.
  2161 | D:3      | Noticed TombstoneGhost's ghost (amateur KoBr)
  2265 | D:3      | Found a shimmering blue altar of Sif Muna.
  2319 | D:3      | Identified the +1 flail of Integrity {elec, +Blink}
  2461 | D:3      | Noticed Natasha
  2471 | D:3      | Killed Natasha
  2557 | D:3      | Found a hide-covered altar of Uskayaw.
  2693 | D:3      | Found a hazy altar of Hepliaklqana.
  2744 | D:3      | Learned a level 4 spell: Brom's Barrelling Boulder
  2759 | D:3      | Noticed Natasha
  2767 | D:3      | Killed Natasha
  2768 | D:3      | Reached skill level 4 in Stealth
  2813 | D:4      | Noticed Duvessa
  2813 | D:4      | Noticed Dowan
  2861 | D:4      | Noticed a phantom
  2870 | D:4      | Killed a phantom
  2871 | D:4      | Reached XP level 6. HP: 30/41 MP: 1/10
  3012 | D:4      | Killed Duvessa
  3013 | D:4      | Reached skill level 1 in Evocations
  3015 | D:4      | Killed Dowan
  3016 | D:4      | Reached skill level 1 in Shields
  3016 | D:4      | Reached XP level 7. HP: 17/45 MP: 3/11
  3313 | D:4      | Found a staircase to the Ecumenical Temple.
  3330 | Temple   | Entered the Ecumenical Temple
  3343 | Temple   | Became a worshipper of Gozag Ym Sagoz the Greedy
  3344 | Temple   | Gained mutation: You passively map a small area around you.
                  | [potion of mutation]
  3344 | Temple   | Gained mutation: Your muscles are strong. (Str +4, Int/Dex
                  | -1) [potion of mutation]
  3860 | D:4      | Learned a level 4 spell: Dispel Undead
  3871 | D:5      | Entered Level 5 of the Dungeon
  4084 | D:5      | Noticed Menkaure
  4089 | D:5      | Killed Menkaure
  4102 | D:5      | Reached XP level 8. HP: 23/54 MP: 0/12
  4375 | D:5      | Reached skill level 5 in Stealth
  4939 | D:5      | Found a faded altar of an unknown god.
  4939 | D:5      | Found an ornate altar of the Wu Jian Council.
  4945 | D:5      | Found a faded altar of an unknown god.
  4948 | D:5      | Found a shimmering altar of Xom.
  4950 | D:5      | Found a white marble altar of Elyvilon.
  5965 | D:6      | Reached XP level 9. HP: 59/59 MP: 10/14
  6598 | D:7      | Identified 2 scrolls of acquirement
  6598 | D:7      | Acquired the ring "Nuas" {^Drain rF++ rN+}
  6682 | D:7      | Reached skill level 6 in Stealth
  6713 | D:7      | Reached skill level 5 in Fighting
  6739 | D:7      | Noticed Maurice
  6769 | D:7      | Paralysed by something for 2 turns
  6774 | D:7      | Paralysed by something for 4 turns
  6776 | D:7      | Something stole a phial of floods
  6777 | D:7      | Something stole a staff of conjuration
  6783 | D:7      | Maurice stole 126 gold
  6785 | D:7      | Killed Maurice
  6920 | D:7      | Reached skill level 5 in Earth Magic
  6965 | D:7      | Found a flagged portal.
  7058 | Bailey   | Entered a bailey
  7717 | Bailey   | Reached XP level 10. HP: 31/68 MP: 2/16
  7725 | Bailey   | Reached skill level 7 in Stealth
  7882 | Bailey   | Lost mutation: Your muscles are strong. (Str +4, Int/Dex
                  | -1) [potion of mutation]
  7882 | Bailey   | Lost mutation: You passively map a small area around you.
                  | [potion of mutation]
  7882 | Bailey   | Gained mutation: Your magical capacity is low. (-10% MP)
                  | [potion of mutation]
  7882 | Bailey   | Gained mutation: Your system is resistant to poisons.
                  | (rPois) [potion of mutation]
  7882 | Bailey   | Gained mutation: You expend magic power (3 MP) to
                  | strengthen your wands. [potion of mutation]
  7883 | Bailey   | Lost mutation: You expend magic power (3 MP) to strengthen
                  | your wands. [potion of mutation]
  7883 | Bailey   | Lost mutation: Your magical capacity is low. (-10% MP)
                  | [potion of mutation]
  7883 | Bailey   | Lost mutation: Your system is resistant to poisons. (rPois)
                  | [potion of mutation]
  7883 | Bailey   | Gained mutation: You are somewhat resistant to further
                  | mutation. [potion of mutation]
  8103 | D:7      | Learned a level 2 spell: Blink
  8333 | D:7      | Noticed a two-headed ogre
  8333 | D:7      | Noticed a two-headed ogre
  8476 | D:7      | Killed a two-headed ogre
  8477 | D:7      | Reached skill level 5 in Dodging
  8578 | D:7      | Found a sparkling altar of Nemelex Xobeh.
  9021 | D:7      | Killed a two-headed ogre
  9137 | D:7      | Upgraded the game from 0.32-a0-685-g93135e86f0 to
                  | 0.32-a0-699-g1ee5eff69a
  9203 | D:8      | Identified the +1 chain mail of the Moon Troll {Harm}
  9226 | D:8      | Paralysed by a hornet for 1 turns
  9227 | D:8      | Mangled by a wight

Illustrated notes

Levels and vault maps discovered:
D:1:      psy_arrival_spokes, layout_basic
D:2:      layout_loops_corners
D:3:      layout_loops_ring, mainiacjoe_overflow_24_doors,
          mainiacjoe_overflow_six_doors_small,
          worldfamousw_hep_ancestral_shrine,
          hellmonk_ecumenical_altar_dog_temple, ebering_ghost_reflecting_pool,
          uniq_natasha
D:4:      minmay_octagon_keep, layout_cave_pools, minmay_temple_entry_waves,
          uniq_duvessa
D:5:      layout_basic, chequers_temple_overflow_minitemple, uniq_menkaure
D:6:      layout_loops_corners, hangedman_decor_peaks_small
D:7:      layout_loops_ring, nemelex_dance_club_becter, enter_bailey_3,
          nicolae_concentric_dashed_squares_mild, nicolae_phantomly_mirrored,
          uniq_maurice
D:8:      layout_basic, nicolae_vehumet_radiance, slow_altar_1, minitemple,
          skrybe_limestone_x, minmay_lindwurm_lava
Temple:   nicolae_temple_superstar

Skill      XL: |  1  2  3  4  5  6  7  8  9 10 |
---------------+-------------------------------+-----
Stealth        | 3 4 5 6 7 |  7.5
Fighting       | 1 2 3 4 6 |  6.7
Unarmed Combat | 1 2 3 4 |  4.7
Conjurations   | 2 3 4 |  4.9
Dodging        | 3 4 5 |  5.2
Evocations     | 1 2 4 |  4.8
Shields        | 1 2 3 4 |  4.3
Spellcasting   | 3 4 |  4.9
Earth Magic    | 4 5 |  5.8

Action                     |  1- 3 |  4- 6 |  7- 9 | 10-12 || total
---------------------------+-------+-------+-------+-------++-------
  Melee: Unarmed           |    58 |    34 |   141 |    39 ||   272
         Tentacles         |    22 |     8 |    37 |    12 ||    79
         Constrict         |    21 |    11 |    31 |    12 ||    75
         Punch             |       |       |     6 |     2 ||     8
   Cast: Sandblast         |    17 |    30 |    41 |       ||    88
         Stone Arrow       |       |       |    60 |    25 ||    85
  Evoke: Wand              |       |     2 |    15 |     4 ||    21
         Phial of floods   |       |       |     1 |       ||     1
    Use: Scroll            |       |     6 |    10 |     3 ||    19
         Potion            |       |       |     7 |     2 ||     9
   Stab: Sleeping          |    11 |     8 |     5 |     4 ||    28
         Distracted        |       |       |     1 |       ||     1
         Paralysed         |       |       |       |     4 ||     4
 Armour: Skin              |    24 |    25 |   123 |    34 ||   206
  Dodge: Dodged            |    38 |    22 |   127 |    32 ||   219

Table legend: (Time is in decaauts)
 A = Elapsed time spent in this place.
 B = Non-inter-level travel time spent in this place.
 C = Inter-level travel time spent in this place.
 D = Time resting spent in this place.
 E = Time spent auto-exploring this place.
 F = Levels seen in this place.
 G = Mean time per level.
                   A        B        C        D        E       F      G
               +--------+--------+--------+--------+--------+-----+--------+
         Total |   9238 |   8980 |    258 |     96 |   7609 |  10 |  923.8 |
       Dungeon |   8401 |   8167 |    234 |     96 |   6945 |   8 | 1050.1 |
        Temple |     27 |      3 |     24 |      0 |      0 |   1 |   27.0 |
        Bailey |    809 |    809 |      0 |      0 |    664 |   1 |  809.0 |
               +--------+--------+--------+--------+--------+-----+--------+

Top non-repeatable levels by time:
     D:7: 1731 daAuts
     D:6: 1432 daAuts
     D:5: 1297 daAuts
     D:4: 1040 daAuts
     D:3: 993 daAuts
     D:2: 976 daAuts
     D:1: 866 daAuts
  Bailey: 809 daAuts
     D:8: 63 daAuts
  Temple: 27 daAuts
